 Dungeon Crawl Stone Soup version 0.20-a0-820-g557356e (webtiles) character file.

891 Duffy the Chopper (level 7, 2/60 HPs)
             Began as a Demigod Gladiator on Mar 4, 2017.
             Quit the game on level 5 of the Dungeon.
             The game lasted 00:04:33 (5707 turns).

Duffy the Chopper (Demigod Gladiator)               Turns: 5707, Time: 00:04:33

Health: 2/60       AC: 11    Str: 21    XL:     7   Next: 48%
Magic:  9/9        EV:  6    Int: 12    God:
Gold:   259        SH:  8    Dex: 17    Spells: 6/6 levels left

rFire    . . .     SeeInvis .   a - +0 war axe
rCold    . . .     Gourm    .   y - +0 chain mail (curse)
rNeg     . . .     Faith    .   z - +0 shield
rPois    .         Spirit   .   c - +0 helmet
rElec    .         Reflect  .   r - +0 cloak
rCorr    .         Harm     .   s - +0 pair of gloves
MR       .....                  (no boots)
Stlth    ..........             (no amulet)
Regen    0.2/turn               (no ring)
MPRegen  0.2/turn               (no ring)

@: lethally poisoned (2 -> -18)
A: high mp 1
a: no special abilities


You were on level 5 of the Dungeon.
You were hungry.

You visited 1 branch of the dungeon, and saw 5 of its levels.

You collected 259 gold pieces.

Inventory:

Hand Weapons
 a - a +0 war axe (weapon)
 b - a +2 falchion of flaming
Missiles
 d - 3 throwing nets (quivered)
 q - 5 curare-tipped needles
Armour
 c - a +0 helmet (worn)
 r - a +0 cloak (worn)
 s - a +0 pair of gloves (worn)
 y - a cursed +0 chain mail (worn)
 z - a +0 shield (worn)
Wands
 k - a wand of polymorph (15/24)
Scrolls
 e - 5 scrolls of teleportation
 g - a scroll of fear {unknown}
 m - 2 scrolls of magic mapping
 o - 3 scrolls of remove curse
 t - a scroll of fog
 w - a scroll of enchant armour {unknown}
Potions
 j - a potion of agility
 n - a potion of flight {unknown}
 u - a potion of berserk rage {unknown}
 v - a potion of haste
Comestibles
 f - 4 bread rations
 x - a fruit


   Skills:
 + Level 4.5 Fighting
 * Level 7.4 Axes
 - Level 1.7 Throwing
 - Level 2.6 Dodging


You had 6 spell levels left.
You didn't know any spells.

Dungeon Overview and Level Annotations

Branches:
Dungeon (5/15)             Temple (0/1) D:5


Innate Abilities, Weirdness & Mutations

You have an increased reservoir of magic. (+10% MP)


Message History

The killer bee is almost dead.
You feel sick. You block the killer bee's attack. The killer bee stings you.
You are lethally poisoned!
The killer bee poisons you! You block the killer bee's attack.
You miss the killer bee.
The killer bee is almost dead.
You feel sick. You block the killer bee's attack. The killer bee stings you.
You are more poisoned.
The killer bee poisons you!
You closely miss the killer bee.
The killer bee is almost dead.
You feel very sick. You block the killer bee's attack.
The killer bee stings you but does no damage. x2
You closely miss the killer bee.
The killer bee is almost dead.
You feel sick. You block the killer bee's attack.
The killer bee closely misses you.
The killer bee stings you but does no damage.
Are you sure you want to abandon this character and quit the game? (Confirm with "yes".)

.#### .....### ....#
....... .#.## #....# # .#
# #....#.# .#.# #.)....#
##.# # ####......# ...# ..
#.((.)...... .... ....
#(#%......#. ####.#
#.####@#.......# .....#
#....#y##.!....#
.########.#..#.#.##.####.#
.# #..........##.# .# .#
##.###.###..##.# # =# #..#
#.# #..##.# .#
#..###'###...# %#
#....'_'....## .###
#>.#######..#


You could see a killer bee.

Vanquished Creatures
  A necrophage (D:3)
  A centaur (D:5)
  A bullfrog (D:4)
  A scorpion (D:5)
  3 killer bees (D:5)
  A howler monkey (D:4)
  A crimson imp (D:5)
  2 hounds (D:4)
  2 orc priests (D:4)
  An iguana (D:5)
  A worker ant (D:4)
  4 gnolls
  6 adders
  A shadow imp (D:5)
  2 oozes
  4 worms
  5 dart slugs
  2 leopard geckos
  15 orcs
  8 bats
  10 giant cockroaches
  12 goblins
  13 hobgoblins
  A quokka (D:3)
  A ball python (D:2)
  3 frilled lizards (D:2)
  6 kobolds
  8 rats
116 creatures vanquished.

Notes
Turn   | Place    | Note
-------+----------+-------------------------------------------
     0 | D:1      | Duffy the Demigod Gladiator began the quest for the Orb.
     0 | D:1      | Reached XP level 1. HP: 17/17 MP: 3/3
    17 | D:1      | Reached skill level 3 in Axes
   379 | D:1      | Reached XP level 2. HP: 18/24 MP: 4/4
   574 | D:1      | Found an iron altar of Okawaru.
   907 | D:1      | Reached XP level 3. HP: 29/29 MP: 5/5
  1274 | D:2      | Reached skill level 4 in Axes
  1822 | D:2      | Reached XP level 4. HP: 36/36 MP: 6/6
  2051 | D:2      | Found an ornate altar of the Wu Jian Council.
  2309 | D:2      | Found a bloodstained altar of Trog.
  2619 | D:3      | Found a blossoming altar of Fedhas.
  2797 | D:3      | Noticed a necrophage
  2810 | D:3      | Killed a necrophage
  2810 | D:3      | Reached skill level 5 in Axes
  2810 | D:3      | Reached XP level 5. HP: 28/42 MP: 7/7
  3339 | D:3      | Found a sacrificial altar of Ru.
  3671 | D:4      | Reached XP level 6. HP: 39/51 MP: 8/8
  3817 | D:4      | Reached skill level 6 in Axes
  3926 | D:4      | Found a sparkling altar of Nemelex Xobeh.
  4059 | D:4      | Found a sacrificial altar of Ru.
  4981 | D:5      | Entered Level 5 of the Dungeon
  5156 | D:5      | Found a staircase to the Ecumenical Temple.
  5182 | D:5      | Reached XP level 7. HP: 45/59 MP: 9/9
  5423 | D:5      | Reached skill level 7 in Axes
  5647 | D:5      | Found a shattered altar of Ashenzari.
  5679 | D:5      | HP: 3/60 [centaur (2)]
  5706 | D:5      | HP: 2/60 [poisoned by a killer bee]
  5707 | D:5      | Quit the game

Vault maps used:
D:1:      dpeg_arrival_windows_large_door, nrook_loot_triangle,
          okawaru_ov_weapons_minmay
D:2:      lightli_temple_of_fire, nicolae_overflow_crystal_walls, first_bread
D:3:      overflow_temple_1_default, lemuel_round_altar
D:4:      nemelex_xobeh_ov_fountains_minmay, kennysheep_doodads,
          minmay_crystal_room, nicolae_ru_awakened_eye
D:5:      lemuel_doored_altar, temple_fountains

Skill      XL: |  1  2  3  4  5  6  7 |
---------------+----------------------+-----
Axes           | 3 4 5 6 7 |  7.4
Fighting       | 2 3 4 |  4.5
Throwing       | |  1.7
Dodging        | |  2.6

Action                   |  1- 3 |  4- 6 |  7- 9 || total
-------------------------+-------+-------+-------++-------
Melee: War axe           |   106 |   219 |    45 ||   370
       Unarmed           |       |       |    36 ||    36
  Use: Scroll            |       |     4 |     3 ||     7
       Potion            |       |     1 |     3 ||     4
  Eat: Chunk             |     3 |    10 |     2 ||    15
Armor: Leather armour    |    14 |       |       ||    14
       Scale mail        |    52 |    39 |       ||    91
       Chain mail        |       |    35 |    33 ||    68
       Skin              |       |       |    43 ||    43
Dodge: Dodged            |    80 |   118 |    20 ||   218
Block: Shield            |       |    28 |    47 ||    75
